AoeStats
← [TUMBI] Bobby Fischer

Fortress

510847142Analyzed
1v1 RM · 20h ago on Oct 2, 2026· 46m 29s· 2 players
Game mode
Random Map
Map size
Small (3 player)
Population
200
Speed
Normal
Resources
Standard
Victory
Conquest
Starting age
Dark Age
Ending age
Imperial Age
RankedLock teamsTeams togetherTeam positionsShared explorationLock speedFull tech treeHidden civsTurbo modeCheats
Victory
Defeat
🇨🇱 Cumans · Chile
1430
+12
🇧🇷 Bulgarians · Brazil
1340
-12
Kaiser
6:49 Feudal Age
10:36 Castle Age
8:59 Double-Bit Axe
9:14 Horse Collar
12:01 Bow Saw
12:09 Heavy Plow
13:01 Gambesons
13:17 Squires
16:12 Scale Mail Armor
16:27 Arson
18:59 Wheelbarrow
18:45 Gold Mining
19:31 Chain Mail Armor
20:39 Forging
21:56 Iron Casting
21:32 Pikeman
35:19 Gold Shaft Mining
34:34 Stone Mining
38:16 Imperial Age
37:09 Hand Cart
38:24 Loom
38:20 Halberdier
39:31 Plate Mail Armor
40:02 Blast Furnace
39:27 Town Watch
41:01 Loom
41:17 Town Patrol
41:47 Fletching
44:28 Conscription
44:33 Stirrups
44:52 Scale Barding Armor
[TUMBI] Bobby Fischer
6:02 Feudal Age
6:36 Double-Bit Axe
6:33 Horse Collar
16:49 Castle Age
15:37 Wheelbarrow
15:56 Forging
15:59 Bloodlines
15:48 Gold Mining
15:46 Town Watch
16:40 Loom
17:50 Heavy Plow
18:02 Bow Saw
18:30 Gold Shaft Mining
17:42 Capped Ram
18:46 Scale Barding Armor
19:56 Iron Casting
20:08 Chain Barding Armor
20:35 Fletching
22:55 Bodkin Arrow
33:05 Imperial Age
31:13 Scale Mail Armor
30:46 Pikeman
32:20 Ballistics
32:08 Squires
32:01 Stone Mining
34:31 Hand Cart
35:59 Chemistry
35:20 Cuman Mercenaries
35:38 Murder Holes
37:19 Crop Rotation
37:51 Two-Man Saw
37:33 Masonry
38:43 Plate Barding Armor
38:53 Conscription
39:42 Thumb Ring
41:10 Blast Furnace
39:32 Cavalier
40:07 Halberdier
41:10 Town Patrol
41:56 Steppe Husbandry
42:40 Chain Mail Armor
42:11 Paladin
44:44 Plate Mail Armor
43:37 Elite Steppe Lancer
47:04 Hoardings
Connection lost

Rejoining the realm…

Still unreachable

The connection could not be restored.

Session expired

The server has moved on; the page needs a fresh start.